 Dungeon Crawl Stone Soup version 0.31-a0-236-g9a0961fb85 (webtiles) character file.

Game seed: 11023713153570988853

62967 qw the Marksminotaur (level 14, -8/127 HPs)
             Began as a Minotaur Hexslinger on July 10, 2023.
             Was an Elder of Okawaru.
             Killed from afar by Frances (47 damage)
             ... with an entropic shot
             ... on level 12 of the Dungeon.
             The game lasted 00:09:34 (18892 turns).

qw the Marksminotaur (Minotaur Hexslinger)         Turns: 18892, Time: 00:09:34

Health: -8/127     AC: 24    Str: 14      XL:     14   Next: 66%
Magic:  11/11      EV: 26    Int:  8 (10) God:    Okawaru [****..]
Gold:   1148       SH:  5    Dex: 23      Spells: 14/15 levels left

rFire   . . .        Y - +2 longbow (flame)
rCold   + . .        (shield currently unavailable)
rNeg    . . .        B - +2 swamp dragon scales
rPois   +            q - +2 hat {SInv}
rElec   +            s - +2 cloak
rCorr   +            v - +1 pair of gloves "Bav Nane" {rElec rCorr MP-9 Stlth-}
SInv    +            f - +2 pair of slick slippers {slick, slippery, EV+4}
Will    +....        c - amulet of reflection
Stlth   ++           n - ring of protection from cold
HPRegen 0.41/turn    z - +6 ring of dexterity
MPRegen 0.12/turn

%: reflection
@: heroic
A: horns 2, retaliatory headbutt
a: Renounce Religion, Heroism, Finesse


You were on level 12 of the Dungeon.
You worshipped Okawaru.
Okawaru was greatly pleased with you.
You visited 3 branches of the dungeon, and saw 18 of its levels.
You also visited: Sewer.

You collected 1552 gold pieces.
You spent 404 gold pieces at shops.


Innate Abilities, Weirdness & Mutations

You have a pair of horns on your head.
You reflexively headbutt those who attack you in melee.


   Skills:
 - Level 12.7(17.7) Fighting
 - Level 19.0(24.0) Ranged Weapons
 - Level 11.1(16.1) Armour
 + Level 9.9(14.9) Dodging
 - Level 1.0 Spellcasting
 - Level 2.0 Hexes
 - Level 10.0 Invocations


You had 14 spell levels left.
You knew the following spells:

 Your Spells              Type           Power      Damage    Failure   Level
a - Slow                  Hex            12%        N/A       28%         1

Your spell library contained the following spells:

 Spells                   Type           Power      Damage    Failure   Level
 Inner Flame              Hex/Fire       2%         N/A       77%         3
 Portal Projectile        Hex/Tloc       4%         N/A       77%         3
 Cause Fear               Hex            1%         N/A       95%         4

Inventory:

Hand Weapons
 Y - a +2 longbow of flaming (weapon)
Armour
 f - the +2 pair of slick slippers (worn) {slick, slippery, EV+4}
   (You acquired it on level 4 of the Dungeon)

   Slick:     Its wearer cannot be constricted, engulfed, netted or webbed.
   Slippery:  Its wearer slips away from damaging melee attacks, pulling the
   attacker onward.
   EV:        It affects your evasion (+4).
 j - a +2 pair of gloves of strength
 l - the +3 leather armour "Gecrub" {rN+ Slay+2}
   (You took it off an orc on level 11 of the Dungeon)

   Slay:      It affects your accuracy & damage with ranged weapons and melee
   (+2).
   rN:        It protects you from negative energy.
 q - a +2 hat of see invisible (worn)
 s - a +2 cloak (worn)
 v - the +1 pair of gloves "Bav Nane" (worn) {rElec rCorr MP-9 Stlth-}
   (You found it on level 8 of the Dungeon)

   rElec:     It insulates you from electricity.
   MP:        It affects your magic capacity (-9).
   rCorr:     It protects you from acid and corrosion.
   Stlth:     It makes you less stealthy.
 x - a +0 troll leather armour
 B - +2 swamp dragon scales (worn)
Jewellery
 b - the ring "Wufauq" {Ice rPois rCorr Stlth-}
   (You found it on level 3 of the Dungeon)

   [ring of ice]

   It enhances your ice magic.
   rF:        It makes you vulnerable to fire.
   rC:        It protects you from cold.
   rPois:     It protects you from poison.
   rCorr:     It protects you from acid and corrosion.
   Stlth:     It makes you less stealthy.
 c - an amulet of reflection (around neck)
 n - a ring of protection from cold (left hand)
 t - a +6 ring of strength
 z - a +6 ring of dexterity (right hand)
 A - a ring of see invisible
 D - a ring of poison resistance
Wands
 y - a wand of digging (3)
Scrolls
 a - 5 scrolls of identify
 g - 7 scrolls of teleportation
Potions
 d - 2 potions of might
 e - a potion of haste
 h - a potion of heal wounds
 i - 3 potions of resistance
 k - a potion of cancellation
 m - a potion of enlightenment
 r - 2 potions of curing
 u - a potion of magic
 w - a potion of mutation

Dungeon Overview and Level Annotations

Branches:
Dungeon (12/15)            Temple (1/1) D:5            Lair (5/5) D:8
  Swamp (0/4) Lair:3       Spider (0/4) Lair:3        Slime (0/5) Lair:4
  Sewer (visited)
    Orc: D:9-12

Altars:
Ashenzari
Cheibriados
Dithmenos
Elyvilon
Fedhas
Gozag
Hepliaklqana
Kikubaaqudgha
Makhleb
Nemelex Xobeh
Okawaru
Qazlal
Ru
Sif Muna
Uskayaw
Vehumet
Wu Jian
Xom
Yredelemnul
Zin
The Shining One
Jiyva

Shops:
D:4 [   D:5 (   D:6 *   D:9 :

Portals:
Trove: D:11 (give +2 gold dragon scales)

Annotations:
D:7 2 transporters, exclusion: moth of wrath, qw's ghost, novice GrFi
D:9 4 runed translucent doors
D:10 exclusion: 6 ynoxinuls
D:11 3 runed translucent doors, qw's ghost, journeyman MiHs
D:12 Frances
Lair:4 1 runed translucent door, qw's ghost, journeyman GrHs
Lair:5 3 runed translucent doors, qw's ghost, journeyman MiHs


Message History

Enter note:
Enter note:
Enter note:
Enter note:
Enter note:
Enter note:
Enter note:
Enter note:
Enter note:
Enter note:
Enter note:
Enter note:
Enter note:
Enter note:
Enter note:
Enter note:
Enter note:
Enter note:
Enter note: Frances hits you but does no damage.
The orange demon stings you but does no damage.
The ice devil completely misses you. You furiously retaliate!
You headbutt the ice devil.
Enter note:
Enter note:
Enter note: You shoot an arrow.
The arrow hits Frances but does no damage.
Frances is severely wounded.
Frances chants phrases taken from a devil's mouth.
The orange demon completely misses you. The ice devil misses you.
You furiously retaliate!
You headbutt the ice devil! Frances completely misses you.
You shoot an arrow.
The arrow hits Frances but does no damage.
Frances is severely wounded.
The orange demon disappears in a puff of smoke!
Frances chants phrases taken from a devil's mouth.
The entropic shot hits you!!!
You die...

#......... #.#### #.......#
#..... #.......##..# ######
##.......##..# ###
.........##..### #..
###..#.........# ##### #.. #..#
###....# #...# #..
#..#.####...4####...#########..
#..#........ยค@@.....+.......'..
#..#####......4##:..#########..
#..........#.#3###### #..
###.######..##.#.# #..
#............#.#.# ###
##..######...#...#
##..#........#####
....#........# ###.###.###..#


You could see Frances (fast), a sun demon (summoned), an orange demon (summoned)
and an ice devil (summoned).

Vanquished Creatures
  Gastronok (D:9)
  3 hydras
  2 boulder beetles
  2 catoblepae
  A deep troll shaman (Lair:5)
  9 death yaks
  Urug (Lair:2)
  A skyshark (Lair:2)
  A lindwurm (Lair:5)
  2 bog bodies (Lair:3)
  A deep elf pyromancer (D:12)
  A wolf spider (Lair:1)
  4 oklob plants (Lair:4)
  A cyclops (D:11)
  4 black mambas
  15 elephants (Lair:5)
  A gargoyle (D:10)
  10 cane toads
  A rime drake (Lair:2)
  An unseen horror (D:12)
  Psyche (D:9)
  A kobold demonologist (D:12)
  Maggie (D:9)
  11 komodo dragons
  4 trolls
  A meliai (Lair:3)
  A hornet (D:9)
  16 blink frogs
  3 shadows
  A vampire (D:10)
  4 wyverns
  3 ynoxinuls (D:10)
  66 yaks
  A basilisk (Lair:4)
  A steam dragon (D:9)
  3 vampire mosquitoes (D:11)
  A swamp worm (Lair:3)
  9 water moccasins
  A sky beast (D:8)
  4 ice beasts
  3 black bears
  6 orc warriors
  3 ogres
  6 centaurs
  17 wolves
  6 kobold brigands
  A gnoll sergeant (D:11)
  12 bullfrogs
  2 scorpions
  4 wights (D:7)
  10 killer bees
  6 electric eels
  5 howler monkeys
  2 lava snakes (Lair:2)
  7 hounds
  5 jellies
  8 orc priests
  6 iguanas
  Ijyb (D:4)
  2 sleepcaps (D:5)
  11 orc wizards
  5 adders
  5 gnolls
  7 river rats (Sewer)
  4 white imps
  7 ufetubi
  6 dart slugs
  29 orcs
  4 bats
  9 endoplasms
  3 giant cockroaches
  6 goblins
  9 hobgoblins
  7 jackals
  4 quokkas
  11 ball pythons
  3 frilled lizards
  45 kobolds
  14 rats
  A spectral orc (D:8)
497 creatures vanquished.

Vanquished Creatures (others)
  An adder (D:4)
  A dart slug (D:4)
  A ball python (D:4)
3 creatures vanquished.

Grand Total: 500 creatures vanquished

Notes
Turn   | Place    | Note
-------+----------+-------------------------------------------
     0 | D:1      | qw the Minotaur Hexslinger began the quest for the Orb.
     0 | D:1      | Reached XP level 1. HP: 16/16 MP: 1/1
     0 | D:1      | 0 ||| qw: Version: 0.3-a-52-g30416fa
     0 | D:1      | 0 ||| qw: Game counter: 4825
     0 | D:1      | 0 ||| qw: Melee chars always use a shield: true
     0 | D:1      | 0 ||| qw: God list: Okawaru
     0 | D:1      | 0 ||| qw: Allow faded altars: false
     0 | D:1      | 0 ||| qw: Do Orc after clearing Dungeon:15 true
     0 | D:1      | 0 ||| qw: Do second Lair branch before Depths: true
     0 | D:1      | 0 ||| qw: Lair rune preference: random
     0 | D:1      | 0 ||| qw: Goals: Normal
     0 | D:1      | 0 ||| PLANNING D:1-11
    80 | D:1      | Reached skill level 3 in Ranged Weapons
    81 | D:1      | Reached XP level 2. HP: 23/23 MP: 2/2
   162 | D:1      | 162 ||| FLEEEEING.
   168 | D:1      | 168 ||| FLEEEEING.
   170 | D:1      | 170 ||| FLEEEEING.
   171 | D:1      | 171 ||| FLEEEEING.
   172 | D:1      | 172 ||| FLEEEEING.
   179 | D:1      | 179 ||| FLEEEEING.
   182 | D:1      | 182 ||| FLEEEEING.
   183 | D:1      | 183 ||| FLEEEEING.
   225 | D:1      | Found a glowing silver altar of Zin.
   336 | D:1      | Reached XP level 3. HP: 29/29 MP: 3/3
   482 | D:1      | 482 ||| UPGRADING to +0 cloak.
   487 | D:1      | 487 ||| UPGRADING to +0 leather armour.
   497 | D:1      | 497 ||| DROPPING +0 robe.
   498 | D:1      | 498 ||| READING 3 scrolls labelled MUASCHI TAGGETZ.
   499 | D:1      | 499 ||| READING 2 scrolls labelled BITHRU TAKO.
   504 | D:1      | 504 ||| READING 2 scrolls of identify.
   504 | D:1      | 504 ||| IDENTIFYING yellow potion
   505 | D:1      | 505 ||| DROPPING scroll of poison.
   701 | D:2      | Reached skill level 4 in Ranged Weapons
   727 | D:2      | 727 ||| SWAPPING to +1 antimagic sling.
   728 | D:2      | 728 ||| DROPPING +1 sling.
  1160 | D:2      | Reached XP level 4. HP: 36/36 MP: 1/4
  1228 | D:2      | 1228 ||| UPGRADING to +2 pair of gloves.
  1233 | D:2      | 1233 ||| UPGRADING to +6 ring of strength.
  1234 | D:2      | 1234 ||| READING scroll labelled OQEANIPUMU.
  1235 | D:2      | 1235 ||| READING scroll labelled FAPSUAVYQO.
  1236 | D:2      | 1236 ||| READING scroll labelled AROEGUVIEW.
  1237 | D:2      | 1237 ||| DRINKING 2 smoky inky potions.
  1237 | D:2      | Gained mutation: You are vulnerable to heat. (rF-) [potion
                  | of mutation]
  1238 | D:2      | 1238 ||| DRINKING potion of mutation.
  1238 | D:2      | Lost mutation: You are vulnerable to heat. (rF-) [potion of
                  | mutation]
  1238 | D:2      | Gained mutation: You are partially covered in iridescent
                  | scales. (AC +2) [potion of mutation]
  1238 | D:2      | Gained mutation: You are partially covered in large bone
                  | plates. (SH +4) [potion of mutation]
  1238 | D:2      | Gained mutation: You occasionally lose the ability to read
                  | scrolls when taking damage. [potion of mutation]
  1239 | D:2      | 1239 ||| READING 2 scrolls of identify.
  1239 | D:2      | 1239 ||| IDENTIFYING grey potion
  1240 | D:2      | 1240 ||| DROPPING potion of magic.
  1295 | D:3      | Identified the ring "Wufauq" {Ice rPois rCorr Stlth-}
  1706 | D:3      | 1706 ||| UPGRADING to +2 pair of gloves of strength.
  1716 | D:3      | 1716 ||| DROPPING +2 pair of gloves.
  1717 | D:3      | 1717 ||| UPGRADING to ring "Wufauq" {Ice rPois rCorr
                  | Stlth-}.
  1718 | D:3      | 1718 ||| READING scroll labelled IZOOMIOXAU.
  1745 | D:4      | Found Cuhaz's Armour Boutique.
  1746 | D:4      | 1746 ||| PLANNING SEWER
  1748 | D:4      | 1748 ||| SHOPLISTING +0 pair of gloves of Disguise {rC+++
                  | Str+4} (768 gold, have 201).
  1748 | D:4      | 1748 ||| BUYING +1 hat (154 gold).
  1748 | D:4      | Bought a +1 hat for 154 gold pieces
  1748 | D:4      | 1748 ||| SHOPLISTING +1 pair of boots (161 gold, have 47).
  1748 | D:4      | 1748 ||| SHOPLISTING +2 cloak of poison resistance (259
                  | gold, have 47).
  1748 | D:4      | 1748 ||| SHOPLISTING +3 leather armour of cold resistance
                  | (336 gold, have 47).
  1818 | D:4      | Reached skill level 5 in Ranged Weapons
  1831 | D:4      | Found a shimmering altar of Xom.
  1832 | D:4      | 1832 ||| UPGRADING to +1 hat.
  1837 | D:4      | 1837 ||| UPGRADING to +0 ring mail.
  1847 | D:4      | 1847 ||| DROPPING +0 leather armour.
  1848 | D:4      | 1848 ||| READING scroll labelled BUHODU UPHEGAAF.
  1848 | D:4      | Identified a scroll of acquirement
  1848 | D:4      | 1848 ||| ACQUIRING +2 pair of slick slippers {slick,
                  | slippery, EV+4}
  1848 | D:4      | Acquired the +2 pair of slick slippers {slick, slippery,
                  | EV+4}
  1848 | D:4      | Found the +2 pair of slick slippers {slick, slippery, EV+4}
  1856 | D:4      | Reached skill level 1 in Armour
  1856 | D:4      | Reached XP level 5. HP: 41/41 MP: 1/5
  1934 | D:4      | Reached skill level 3 in Fighting
  1970 | D:4      | Noticed an ogre
  1981 | D:4      | Killed an ogre
  1982 | D:4      | Reached skill level 6 in Ranged Weapons
  1982 | D:4      | Reached XP level 6. HP: 33/51 MP: 2/6
  2128 | D:4      | Found a hide-covered altar of Uskayaw.
  2131 | D:4      | Found a sparkling altar of Nemelex Xobeh.
  2230 | D:4      | Noticed Ijyb
  2231 | D:4      | Paralysed by Ijyb for 5 turns
  2251 | D:4      | Killed Ijyb
  2462 | D:4      | Found a hazy altar of Hepliaklqana.
  2495 | D:4      | Found a glowing drain.
  2496 | D:4      | 2496 ||| UPGRADING to +2 pair of slick slippers {slick,
                  | slippery, EV+4}.
  2501 | D:4      | 2501 ||| DROPPING ring of wizardry.
  2502 | D:4      | 2502 ||| READING scroll labelled SEUNOM KUGOBA.
  2511 | Sewer    | Entered a sewer
  2668 | Sewer    | Reached skill level 7 in Ranged Weapons
  2690 | Sewer    | 2690 ||| DRINKING potion of mutation.
  2690 | Sewer    | Lost mutation: You occasionally lose the ability to read
                  | scrolls when taking damage. [potion of mutation]
  2690 | Sewer    | Lost mutation: You are partially covered in iridescent
                  | scales. (AC +2) [potion of mutation]
  2690 | Sewer    | Lost mutation: You are partially covered in large bone
                  | plates. (SH +4) [potion of mutation]
  2690 | Sewer    | Gained mutation: You are dopey. (Int -2) [potion of
                  | mutation]
  2690 | Sewer    | Lost mutation: You are dopey. (Int -2) [potion of mutation]
  2718 | Sewer    | 2718 ||| Stepping ~*~*~tactically~*~*~ (water).
  2722 | Sewer    | Reached XP level 7. HP: 59/59 MP: 2/7
  2851 | Sewer    | 2851 ||| Stepping ~*~*~tactically~*~*~ (outnumbered).
  3035 | Sewer    | 3035 ||| READING scroll labelled QUBAGU WIANG.
  3036 | Sewer    | 3036 ||| READING scroll labelled FIPISOGH ZUCKU.
  3037 | Sewer    | 3037 ||| READING 2 scrolls of identify.
  3037 | Sewer    | 3037 ||| IDENTIFYING glowing silvery potion
  3072 | D:4      | 3072 ||| PLANNING D:1-11
  3129 | D:4      | 3129 ||| DRINKING 2 fizzy pink potions.
  3168 | D:5      | Entered Level 5 of the Dungeon
  3228 | D:5      | Reached skill level 8 in Ranged Weapons
  3288 | D:5      | Found a glowing golden altar of the Shining One.
  3440 | D:5      | Reached skill level 3 in Dodging
  3659 | D:5      | Found Fasighou's Weapon Shop.
  3668 | D:5      | Reached XP level 8. HP: 52/68 MP: 2/8
  3749 | D:5      | Reached skill level 9 in Ranged Weapons
  3754 | D:5      | Found a staircase to the Ecumenical Temple.
  3755 | D:5      | 3755 ||| PLANNING TEMPLE
  3762 | Temple   | Entered the Ecumenical Temple
  3902 | Temple   | 3902 ||| PLANNING D:1-11
  4068 | D:5      | Found a glowing silver altar of Zin.
  4201 | D:5      | Found a white marble altar of Elyvilon.
  4230 | D:5      | Reached skill level 6 in Fighting
  4436 | D:5      | 4436 ||| Stepping ~*~*~tactically~*~*~ (outnumbered).
  4437 | D:5      | 4437 ||| Stepping ~*~*~tactically~*~*~ (outnumbered).
  4438 | D:5      | 4438 ||| SWAPPING to +0 shortbow.
  4451 | D:5      | 4451 ||| DROPPING +1 antimagic sling.
  4495 | D:5      | Found an iron altar of Okawaru.
  4496 | D:5      | 4496 ||| PLANNING OKAWARU WORSHIP
  4499 | D:5      | 4499 ||| UPGRADING to +0 hat of see invisible.
  4509 | D:5      | 4509 ||| READING 2 scrolls of identify.
  4509 | D:5      | 4509 ||| IDENTIFYING lumpy sapphire potion
  4517 | D:5      | Became a worshipper of Warmaster Okawaru
  4518 | D:5      | 4518 ||| PLANNING D:1-11
  4705 | D:5      | 4705 ||| READING 2 scrolls of identify.
  4705 | D:5      | 4705 ||| IDENTIFYING brown potion
  4727 | D:6      | Found Juar's Assorted Antiques.
  4934 | D:6      | Reached skill level 10 in Ranged Weapons
  4973 | D:6      | 4973 ||| FLEEEEING.
  4980 | D:6      | 4980 ||| FLEEEEING.
  4992 | D:6      | Reached skill level 3 in Armour
  5001 | D:6      | 5001 ||| FLEEEEING.
  5002 | D:6      | 5002 ||| FLEEEEING.
  5003 | D:6      | 5003 ||| FLEEEEING.
  5004 | D:6      | 5004 ||| FLEEEEING.
  5411 | D:6      | Reached * piety under Okawaru
  5488 | D:6      | Reached XP level 9. HP: 79/79 MP: 9/9
  5642 | D:6      | 5642 ||| Stepping ~*~*~tactically~*~*~ (outnumbered).
  5646 | D:6      | 5646 ||| Stepping ~*~*~tactically~*~*~ (outnumbered).
  5653 | D:6      | Reached skill level 1 in Invocations
  5719 | D:6      | 5719 ||| INVOKING Heroism.
  5816 | D:6      | 5816 ||| READING scroll labelled IWEVYFU PUMYTT.
  5817 | D:6      | 5817 ||| READING scroll labelled XIOSEY GIABORU.
  5918 | D:6      | 5918 ||| DRINKING 2 blue potions.
  5919 | D:6      | 5919 ||| DRINKING 2 pink potions.
  5920 | D:6      | 5920 ||| READING 3 scrolls of identify.
  5920 | D:6      | 5920 ||| IDENTIFYING murky green potion
  5921 | D:6      | 5921 ||| READING 2 scrolls of identify.
  5921 | D:6      | 5921 ||| IDENTIFYING purple potion
  5922 | D:6      | 5922 ||| DROPPING potion of invisibility.
  5923 | D:6      | 5923 ||| DROPPING potion of brilliance.
  5924 | D:6      | 5924 ||| DROPPING potion of attraction.
  5981 | D:7      | Noticed qw's ghost (novice GrFi)
  6011 | D:7      | 6011 ||| INVOKING Heroism.
  6134 | D:6      | 6134 ||| BUYING bone ring (90 gold).
  6134 | D:6      | Bought a bone ring for 90 gold pieces
  6134 | D:6      | 6134 ||| BUYING glowing golden potion (16 gold).
  6134 | D:6      | Bought a glowing golden potion for 16 gold pieces
  6134 | D:6      | 6134 ||| BUYING potion of cancellation (144 gold).
  6134 | D:6      | Bought a potion of cancellation for 144 gold pieces
  6134 | D:6      | 6134 ||| SHOPLISTING scroll of teleportation (54 gold, have
                  | 20).
  6134 | D:6      | 6134 ||| UPGRADING to ring of protection from cold.
  6180 | D:7      | 6180 ||| INVOKING Heroism.
  6204 | D:7      | 6204 ||| INVOKING Heroism.
  6207 | D:7      | 6207 ||| Stepping ~*~*~tactically~*~*~ (outnumbered).
  6213 | D:7      | Reached skill level 3 in Invocations
  6255 | D:7      | Noticed a moth of wrath
  6390 | D:7      | Found a blossoming altar of Fedhas.
  6464 | D:7      | Found a transporter.
  6465 | D:7      | Found a transporter.
  6470 | D:7      | 6470 ||| INVOKING Heroism.
  6479 | D:7      | 6479 ||| FLEEEEING.
  6480 | D:7      | 6480 ||| FLEEEEING.
  6481 | D:7      | 6481 ||| FLEEEEING.
  6482 | D:7      | 6482 ||| FLEEEEING.
  6483 | D:7      | 6483 ||| FLEEEEING.
  6484 | D:7      | 6484 ||| FLEEEEING.
  6485 | D:7      | 6485 ||| FLEEEEING.
  6486 | D:7      | 6486 ||| FLEEEEING.
  6487 | D:7      | 6487 ||| FLEEEEING.
  6488 | D:7      | 6488 ||| FLEEEEING.
  6489 | D:7      | 6489 ||| FLEEEEING.
  6490 | D:7      | 6490 ||| FLEEEEING.
  6491 | D:7      | 6491 ||| FLEEEEING.
  6492 | D:7      | 6492 ||| FLEEEEING.
  6493 | D:7      | 6493 ||| FLEEEEING.
  6494 | D:7      | 6494 ||| FLEEEEING.
  6495 | D:7      | 6495 ||| FLEEEEING.
  6499 | D:7      | 6499 ||| FLEEEEING.
  6500 | D:7      | 6500 ||| FLEEEEING.
  6503 | D:7      | 6503 ||| STAIRDANCE
  6775 | D:7      | 6775 ||| DRINKING 2 metallic puce potions.
  6879 | D:7      | 6879 ||| DROPPING potion of berserk rage.
  6950 | D:8      | Identified the +1 pair of gloves "Bav Nane" {rElec rCorr
                  | MP-9 Stlth-}
  6976 | D:8      | Reached skill level 11 in Ranged Weapons
  6980 | D:8      | Noticed a komodo dragon
  6981 | D:8      | 6981 ||| INVOKING Heroism.
  6989 | D:8      | Killed a komodo dragon
  7000 | D:8      | Found a staircase to the Lair.
  7165 | D:8      | 7165 ||| SWAPPING to +0 orcbow.
  7168 | D:8      | 7168 ||| INVOKING Heroism.
  7195 | D:8      | 7195 ||| DROPPING +0 shortbow.
  7221 | D:8      | Found a shadowy altar of Dithmenos.
  7275 | D:8      | Reached skill level 12 in Ranged Weapons
  7327 | D:8      | Found a sacrificial altar of Ru.
  7436 | D:8      | Found a basalt altar of Yredelemnul.
  7534 | D:8      | 7534 ||| PLANNING LAIR
  7534 | D:8      | 7534 ||| UPGRADING to +2 cloak.
  7544 | D:8      | 7544 ||| DROPPING +0 cloak.
  7545 | D:8      | 7545 ||| READING 2 scrolls labelled ZOVU NASEDA.
  7546 | D:8      | 7546 ||| DROPPING scroll of revelation.
  7551 | Lair:1   | Entered Level 1 of the Lair of Beasts
  7596 | Lair:1   | Reached XP level 10. HP: 85/88 MP: 12/12
  7603 | Lair:1   | Reached ** piety under Okawaru
  7618 | Lair:1   | 7618 ||| INVOKING Heroism.
  7845 | Lair:1   | Reached skill level 13 in Ranged Weapons
  7855 | Lair:1   | 7855 ||| INVOKING Heroism.
  7872 | Lair:1   | Reached skill level 9 in Fighting
  7872 | Lair:1   | Reached *** piety under Okawaru
  8029 | Lair:1   | Noticed a catoblepas
  8030 | Lair:1   | 8030 ||| INVOKING Heroism.
  8032 | Lair:1   | 8032 ||| Stepping ~*~*~tactically~*~*~ (cloud).
  8037 | Lair:1   | 8037 ||| Stepping ~*~*~tactically~*~*~ (cloud).
  8041 | Lair:1   | 8041 ||| Stepping ~*~*~tactically~*~*~ (cloud).
  8042 | Lair:1   | 8042 ||| Stepping ~*~*~tactically~*~*~ (cloud).
  8048 | Lair:1   | 8048 ||| Stepping ~*~*~tactically~*~*~ (cloud).
  8051 | Lair:1   | 8051 ||| Stepping ~*~*~tactically~*~*~ (cloud).
  8052 | Lair:1   | 8052 ||| Stepping ~*~*~tactically~*~*~ (cloud).
  8058 | Lair:1   | Killed a catoblepas
  8215 | Lair:1   | Noticed a wolf spider
  8216 | Lair:1   | 8216 ||| INVOKING Heroism.
  8241 | Lair:1   | HP: 22/91 [wolf spider (15)]
  8242 | Lair:1   | Reached skill level 14 in Ranged Weapons
  8242 | Lair:1   | 8242 ||| READING 4 scrolls of teleportation.
  8242 | Lair:1   | HP: 7/91 [wolf spider (16)]
  8242 | Lair:1   | Killed a wolf spider
  8243 | Lair:1   | Reached skill level 6 in Dodging
  8243 | Lair:1   | 8243 ||| DRINKING 3 potions of heal wounds.
  8612 | Lair:1   | Noticed a boulder beetle
  8613 | Lair:1   | 8613 ||| INVOKING Heroism.
  8642 | Lair:1   | 8642 ||| INVOKING Heroism.
  8660 | Lair:1   | 8660 ||| INVOKING Heroism.
  8661 | Lair:1   | Killed a boulder beetle
  8662 | Lair:1   | Reached XP level 11. HP: 53/99 MP: 10/13
  8703 | Lair:1   | 8703 ||| INVOKING Heroism.
  8824 | Lair:1   | Identified the +0 pair of gloves "Koaviser" {Str+5}
  8956 | Lair:1   | Reached **** piety under Okawaru
  8969 | Lair:1   | 8969 ||| INVOKING Heroism.
  9006 | Lair:1   | 9006 ||| INVOKING Heroism.
  9166 | Lair:1   | 9166 ||| READING scroll of acquirement.
  9166 | Lair:1   | 9166 ||| ACQUIRING +2 longbow of flaming
  9166 | Lair:1   | Acquired a +2 longbow of flaming
  9168 | Lair:1   | 9168 ||| SWAPPING to +2 longbow of flaming.
  9169 | Lair:1   | 9169 ||| DROPPING +0 orcbow.
  9204 | Lair:1   | 9204 ||| INVOKING Heroism.
  9503 | Lair:1   | 9503 ||| INVOKING Heroism.
  9510 | Lair:1   | Reached skill level 15 in Ranged Weapons
  9747 | Lair:1   | 9747 ||| DROPPING +0 pair of gloves "Koaviser" {Str+5}.
  9748 | Lair:1   | 9748 ||| DRINKING 2 glowing golden potions.
  9749 | Lair:1   | 9749 ||| READING 3 scrolls of identify.
  9749 | Lair:1   | 9749 ||| IDENTIFYING coppery potion
  9750 | Lair:1   | 9750 ||| READING 2 scrolls of identify.
  9750 | Lair:1   | 9750 ||| IDENTIFYING bubbling pink potion
  9751 | Lair:1   | 9751 ||| DRINKING potion of experience.
  9751 | Lair:1   | Reached XP level 12. HP: 106/106 MP: 14/14
  9752 | Lair:1   | 9752 ||| DROPPING potion of degeneration.
  9753 | Lair:1   | 9753 ||| DROPPING potion of lignification.
  9801 | Lair:2   | 9801 ||| FLEEEEING.
  9802 | Lair:2   | 9802 ||| FLEEEEING.
  9803 | Lair:2   | 9803 ||| FLEEEEING.
  9807 | Lair:2   | 9807 ||| INVOKING Heroism.
 10011 | Lair:2   | 10011 ||| FLEEEEING.
 10081 | Lair:2   | Noticed a death yak
 10082 | Lair:2   | 10082 ||| INVOKING Heroism.
 10086 | Lair:2   | Noticed a death yak
 10087 | Lair:2   | Killed a death yak
 10099 | Lair:2   | Killed a death yak
 10109 | Lair:2   | Noticed a death yak
 10111 | Lair:2   | Noticed a death yak
 10112 | Lair:2   | Killed a death yak
 10112 | Lair:2   | Reached ***** piety under Okawaru
 10113 | Lair:2   | 10113 ||| INVOKING Finesse.
 10117 | Lair:2   | Noticed a death yak
 10119 | Lair:2   | 10119 ||| INVOKING Heroism.
 10120 | Lair:2   | Noticed a death yak
 10121 | Lair:2   | Killed a death yak
 10122 | Lair:2   | Reached skill level 6 in Invocations
 10134 | Lair:2   | Killed a death yak
 10141 | Lair:2   | Killed a death yak
 10286 | Lair:2   | Reached skill level 16 in Ranged Weapons
 10299 | Lair:2   | Noticed Urug
 10300 | Lair:2   | 10300 ||| INVOKING Heroism.
 10309 | Lair:2   | Killed Urug
 10363 | Lair:2   | 10363 ||| FLEEEEING.
 10574 | Lair:2   | 10574 ||| INVOKING Heroism.
 10726 | Lair:2   | 10726 ||| FLEEEEING.
 10727 | Lair:2   | 10727 ||| FLEEEEING.
 10791 | Lair:2   | 10791 ||| FLEEEEING.
 10846 | Lair:2   | 10846 ||| FLEEEEING.
 10847 | Lair:2   | 10847 ||| FLEEEEING.
 10848 | Lair:2   | 10848 ||| FLEEEEING.
 10933 | Lair:2   | Received a gift from Okawaru
 10954 | Lair:2   | 10954 ||| FLEEEEING.
 10955 | Lair:2   | 10955 ||| FLEEEEING.
 11048 | Lair:2   | Noticed an eight-headed hydra
 11049 | Lair:2   | 11049 ||| INVOKING Heroism.
 11057 | Lair:2   | Killed an eight-headed hydra
 11298 | Lair:3   | Reached XP level 13. HP: 113/113 MP: 17/17
 11412 | Lair:3   | 11412 ||| Stepping ~*~*~tactically~*~*~ (water).
 11415 | Lair:3   | 11415 ||| INVOKING Heroism.
 11421 | Lair:3   | 11421 ||| Stepping ~*~*~tactically~*~*~ (water).
 11531 | Lair:3   | 11531 ||| INVOKING Heroism.
 11707 | Lair:3   | Found a hole to the Spider Nest.
 11951 | Lair:3   | 11951 ||| INVOKING Heroism.
 11975 | Lair:3   | Found a staircase to the Swamp.
 12130 | Lair:3   | 12130 ||| READING 3 scrolls of enchant armour.
 12130 | Lair:3   | 12130 ||| ENCHANTING +0 hat of see invisible.
 12131 | Lair:3   | 12131 ||| READING 2 scrolls of enchant armour.
 12131 | Lair:3   | 12131 ||| ENCHANTING +1 hat of see invisible.
 12264 | Lair:3   | 12264 ||| DROPPING +1 hat.
 12282 | Lair:4   | 12282 ||| INVOKING Heroism.
 12649 | Lair:4   | Found a runed translucent door.
 12649 | Lair:4   | Noticed qw's ghost (journeyman GrHs)
 12674 | Lair:4   | 12674 ||| INVOKING Heroism.
 12678 | Lair:4   | Reached skill level 9 in Invocations
 12711 | Lair:4   | Found a viscous altar of Jiyva.
 12712 | Lair:4   | 12712 ||| INVOKING Finesse.
 12718 | Lair:4   | 12718 ||| INVOKING Heroism.
 12769 | Lair:4   | Found a staircase to the Slime Pits.
 12770 | Lair:4   | 12770 ||| INVOKING Heroism.
 12896 | Lair:4   | 12896 ||| FLEEEEING.
 12897 | Lair:4   | 12897 ||| FLEEEEING.
 12898 | Lair:4   | 12898 ||| FLEEEEING.
 12899 | Lair:4   | 12899 ||| FLEEEEING.
 12900 | Lair:4   | 12900 ||| FLEEEEING.
 12901 | Lair:4   | 12901 ||| FLEEEEING.
 12902 | Lair:4   | 12902 ||| FLEEEEING.
 13015 | Lair:4   | 13015 ||| DRINKING 3 potions of cancellation.
 13016 | Lair:4   | 13016 ||| DRINKING 2 potions of cancellation.
 13025 | Lair:4   | Identified the +8 mace of Womuckaq {flame, rN+}
 13434 | Lair:4   | 13434 ||| DROPPING scarf of invisibility.
 13435 | Lair:4   | 13435 ||| DROPPING amulet of guardian spirit.
 13471 | Lair:5   | Entered Level 5 of the Lair of Beasts
 13481 | Lair:5   | 13481 ||| INVOKING Heroism.
 13506 | Lair:5   | 13506 ||| INVOKING Heroism.
 13525 | Lair:5   | Reached skill level 17 in Ranged Weapons
 13773 | Lair:5   | 13773 ||| INVOKING Heroism.
 13924 | Lair:5   | Reached skill level 18 in Ranged Weapons
 13991 | Lair:5   | 13991 ||| INVOKING Heroism.
 14043 | Lair:5   | 14043 ||| INVOKING Heroism.
 14076 | Lair:5   | 14076 ||| INVOKING Heroism.
 14081 | Lair:5   | Reached XP level 14. HP: 125/125 MP: 17/20
 14154 | Lair:5   | Reached skill level 12 in Fighting
 14386 | Lair:5   | Found a runed translucent gate.
 14386 | Lair:5   | Found a runed translucent gate.
 14386 | Lair:5   | Found a runed translucent gate.
 14390 | Lair:5   | Noticed qw's ghost (journeyman MiHs)
 14530 | Lair:5   | Identified the +1 hat of Okawaru's Inspiration {+Blink
                  | rCorr} (Okawaru gifted it to you on level 5 of the Lair of
                  | Beasts)
 14530 | Lair:5   | Received a gift from Okawaru
 14606 | Lair:5   | 14606 ||| INVOKING Heroism.
 14607 | Lair:5   | 14607 ||| INVOKING Finesse.
 14636 | Lair:5   | 14636 ||| Stepping ~*~*~tactically~*~*~ (cloud).
 14641 | Lair:5   | HP: 27/126 [catoblepas (17)]
 14642 | Lair:5   | 14642 ||| READING 5 scrolls of teleportation.
 14642 | Lair:5   | HP: 8/126 [catoblepas (20)]
 14643 | Lair:5   | 14643 ||| DRINKING 3 potions of heal wounds.
 14968 | Lair:5   | Found the +7 captain's cutlass {speed, disarm}
 14975 | Lair:5   | 14975 ||| INVOKING Heroism.
 15211 | Lair:5   | 15211 ||| PLANNING D:1-11
 15211 | Lair:5   | 15211 ||| DROPPING +1 hat of Okawaru's Inspiration {+Blink
                  | rCorr}.
 15212 | Lair:5   | 15212 ||| READING scroll labelled QUOH MU DUPP.
 15322 | D:9      | Found a large runed translucent door.
 15324 | D:9      | Found a large runed translucent door.
 15335 | D:9      | Found a large runed translucent door.
 15335 | D:9      | Found a large runed translucent door.
 15449 | D:9      | Found Xaedan's Book Emporium.
 15455 | D:9      | 15455 ||| Stepping ~*~*~tactically~*~*~ (cloud).
 15514 | D:9      | Noticed Gastronok
 15525 | D:9      | Killed Gastronok
 15526 | D:9      | Reached skill level 19 in Ranged Weapons
 15537 | D:9      | Paralysed by a hornet for 3 turns
 15655 | D:9      | Noticed Maggie
 15672 | D:9      | Killed Maggie
 15734 | D:9      | Noticed Psyche
 15741 | D:9      | Killed Psyche
 15945 | D:9      | 15945 ||| INVOKING Heroism.
 15946 | D:9      | 15946 ||| INVOKING Finesse.
 16193 | D:9      | 16193 ||| UPGRADING to +0 steam dragon scales.
 16203 | D:9      | 16203 ||| DROPPING +0 ring mail.
 16204 | D:9      | 16204 ||| DROPPING +0 robe of cold resistance.
 16205 | D:9      | 16205 ||| UPGRADING to +0 swamp dragon scales.
 16215 | D:9      | 16215 ||| REMOVING ring "Wufauq" {Ice rPois rCorr Stlth-}.
 16216 | D:9      | 16216 ||| DROPPING +0 steam dragon scales.
 16217 | D:9      | 16217 ||| UPGRADING to +1 pair of gloves "Bav Nane" {rElec
                  | rCorr MP-9 Stlth-}.
 16227 | D:9      | 16227 ||| READING 2 scrolls of enchant armour.
 16227 | D:9      | 16227 ||| ENCHANTING +0 swamp dragon scales.
 16228 | D:9      | 16228 ||| READING scroll of enchant armour.
 16228 | D:9      | 16228 ||| ENCHANTING +1 swamp dragon scales.
 16229 | D:9      | 16229 ||| UPGRADING to amulet of regeneration.
 16234 | D:9      | 16234 ||| UPGRADING to ring of protection from cold.
 16235 | D:9      | 16235 ||| UPGRADING to +6 ring of dexterity.
 16237 | D:9      | 16237 ||| DROPPING ring of protection from cold.
 16263 | D:10     | Entered Level 10 of the Dungeon
 16441 | D:10     | 16441 ||| Stepping ~*~*~tactically~*~*~ (outnumbered).
 16998 | D:10     | 16998 ||| UPGRADING to amulet of reflection.
 17008 | D:10     | 17008 ||| DROPPING amulet of regeneration.
 17111 | D:11     | 17111 ||| Stepping ~*~*~tactically~*~*~ (outnumbered).
 17113 | D:11     | 17113 ||| Stepping ~*~*~tactically~*~*~ (outnumbered).
 17115 | D:11     | 17115 ||| Stepping ~*~*~tactically~*~*~ (outnumbered).
 17117 | D:11     | 17117 ||| Stepping ~*~*~tactically~*~*~ (outnumbered).
 17141 | D:11     | Identified the +3 leather armour "Gecrub" {rN+ Slay+2}
 17149 | D:11     | Found a portal to a secret trove of treasure.
 17381 | D:11     | Reached skill level 9 in Dodging
 17774 | D:11     | Found a runed translucent gate.
 17775 | D:11     | Found a runed translucent gate.
 17775 | D:11     | Noticed qw's ghost (journeyman MiHs)
 17776 | D:11     | Found a runed translucent gate.
 18045 | D:11     | Identified the +0 ring mail of Bad Feelings {Regen+ Int+7}
 18057 | D:11     | 18057 ||| PLANNING D
 18057 | D:11     | 18057 ||| DROPPING ring of ice.
 18058 | D:11     | 18058 ||| READING scroll labelled HUONTE YREOC.
 18345 | D:12     | 18345 ||| Stepping ~*~*~tactically~*~*~ (outnumbered).
 18378 | D:12     | Noticed Frances
 18379 | D:12     | 18379 ||| INVOKING Heroism.
 18432 | D:12     | 18432 ||| INVOKING Heroism.
 18433 | D:12     | 18433 ||| INVOKING Finesse.
 18456 | D:12     | 18456 ||| FLEEEEING.
 18457 | D:12     | 18457 ||| FLEEEEING.
 18457 | D:12     | HP: 31/127 [burnt (4)]
 18458 | D:12     | 18458 ||| FLEEEEING.
 18459 | D:12     | 18459 ||| FLEEEEING.
 18460 | D:12     | 18460 ||| FLEEEEING.
 18461 | D:12     | 18461 ||| Stepping ~*~*~tactically~*~*~ (outnumbered).
 18463 | D:12     | HP: 25/127 [Frances/+2 trident of protection (9)]
 18464 | D:12     | 18464 ||| READING 8 scrolls of teleportation.
 18465 | D:12     | 18465 ||| DRINKING 2 potions of heal wounds.
 18867 | D:12     | 18867 ||| INVOKING Heroism.
 18892 | D:12     | Killed from afar by Frances

Levels and vault maps discovered:
D:1:      dpeg_arrival_short_road, layout_rooms, minmay_hexomino_r4
D:2:      kennysheep_six_static_rooms, layout_basic, st_stairs_9
D:3:      layout_basic, corexii_leaking_fountain, small_statue_intersection
D:4:      layout_basic, mainiacjoe_overflow_tiny_flanked,
          mainiacjoe_overflow_alcove_4, dk_xom_monty_hall,
          nicolae_uskayaw_murder_on_the_dancefloor, serial_shops,
          nicolae_stop_n_shop_2, portal_sewer_entry_a,
          dreamdust_princess_corridor, uniq_ijyb
D:5:      nicolae_cairo_tiling_very_big, layout_basic,
          mainiacjoe_overflow_chevrons, mainiacjoe_overflow_catch_the_wave,
          okawaru_altar_gauntlet_db, serial_shops, nicolae_shop_peninsula
D:6:      kennysheep_spiral_hall, layout_basic, nicolae_take_the_stairs,
          hellmonk_bongcloud_opening
D:7:      layout_cave_pools, tgw_trog, nicolae_overflow_crystal_walls,
          gammafunk_ghost_hive
D:8:      layout_cave_pools, nicolae_ru_path_of_blood,
          nicolae_dithmenos_the_darkroom, yredelemnul_forgotten_temple_becter,
          david_lair_shrubbed, hangedman_abyss_or_decor_lesser_grid
D:9:      layout_small_grid, serial_shops, shop_fountains,
          minmay_hollow_rounded_squares, uniq_gastronok, uniq_maggie,
          uniq_psyche
D:10:     layout_loops_ring, nicolae_fort_ynox
D:11:     layout_loops_corners, biasface_ghost_orc_armoury,
          nicolae_trove_entry_diagonal
D:12:     layout_basic, orc_david_3, uniq_frances
Temple:   nicolae_temple_bog_church
Lair:1:   layout_regular_city, nicolae_lair_run_with_the_wolves
Lair:2:   layout_regular_city, nicolae_lair_liquid_snakes, lemuel_fruit_tree,
          grunt_megastairs_5, uniq_urug
Lair:3:   layout_gridlike, nicolae_swamp_entry_splash_gauntlet,
          hellmonk_spider_entry_not_the_bees, grunt_forest_small_clearings,
          chequers_serial_rivers_large_a, nicolae_quartered_pool_little
Lair:4:   layout_cave_pods, minmay_slime_entry_oklob_enclosed,
          hellmonk_ghost_happy_afterlife, infiniplex_staircase_pool_2,
          serial_bayou_shore_b
Lair:5:   grunt_lair_end_beastmaster, layout_hall_layers, gammafunk_ghost_split

Skill      XL: |  1  2  3  4  5  6  7  8  9 10 11 12 13 14 |
---------------+-------------------------------------------+-----
Ranged Weapons | 3 4 5 6 7 8 10 12 14 15 16 18 19 | 19.0
Fighting       | 2 3 4 5 7 8 10 11 12 | 12.7
Armour         | 1 2 3 4 11 | 11.1
Dodging        | 3 5 6 7 9 |  9.9
Invocations    | 4 7 10 | 10.0
Spellcasting   | |  1.0
Hexes          | |  2.0

Action                     |  1- 3 |  4- 6 |  7- 9 | 10-12 | 13-15 || total
---------------------------+-------+-------+-------+-------+-------++-------
   Fire: Sling             |   119 |   172 |   212 |       |       ||   503
         Shortbow          |       |       |   329 |       |       ||   329
         Orcbow            |       |       |    46 |   259 |       ||   305
         Longbow           |       |       |       |   167 |   797 ||   964
 Invoke: Heroism           |       |       |     7 |    18 |    19 ||    44
         Finesse           |       |       |       |     1 |     4 ||     5
    Use: Scroll            |     3 |     7 |    10 |     4 |     8 ||    32
         Potion            |       |     3 |     4 |     3 |     4 ||    14
 Armour: Robe              |     9 |       |       |       |       ||     9
         Leather armour    |     1 |     8 |       |       |       ||     9
         Ring mail         |       |    39 |    99 |    93 |    84 ||   315
         Swamp dragon scal |       |       |       |       |    22 ||    22
  Dodge: Dodged            |    36 |    56 |   272 |   255 |   314 ||   933
  Block: Other             |       |    16 |       |       |     6 ||    22

Table legend:
 A = Non-vault XP
 B = Vault XP
 C = Vault XP percentage of total XP
 D = Non-vault monster count
 E = Vault monster count
 F = Vault count percentage of total count
                 A         B        C        D         E       F
            +---------+---------+-------+---------+---------+-------
      Total |   55041 |   22253 |  28.8 |     359 |     138 |  27.8
            +---------+---------+-------+---------+---------+-------
        D:1 |      36 |       7 |  16.3 |      22 |       4 |  15.4
        D:2 |      24 |      31 |  56.4 |      13 |       9 |  40.9
        D:3 |      16 |       0 |   0.0 |       8 |       0 |   0.0
        D:4 |     320 |     125 |  28.1 |      15 |       4 |  21.1
        D:5 |    1036 |      32 |   3.0 |      24 |       6 |  20.0
        D:6 |     793 |     309 |  28.0 |      28 |       4 |  12.5
        D:7 |     908 |       0 |   0.0 |      30 |       0 |   0.0
        D:8 |     684 |     323 |  32.1 |       9 |       2 |  18.2
        D:9 |    1231 |    4548 |  78.7 |      14 |      12 |  46.2
       D:10 |    2196 |     685 |  23.8 |      17 |       9 |  34.6
       D:11 |    2210 |       0 |   0.0 |      24 |       0 |   0.0
       D:12 |    1953 |     263 |  11.9 |       9 |       2 |  18.2
     Lair:1 |    8381 |    1367 |  14.0 |      36 |       8 |  18.2
     Lair:2 |    8816 |    1590 |  15.3 |      16 |       8 |  33.3
     Lair:3 |    3358 |    2217 |  39.8 |      15 |      10 |  40.0
     Lair:4 |    4993 |    2176 |  30.4 |      22 |       4 |  15.4
     Lair:5 |   18086 |    8345 |  31.6 |      57 |      19 |  25.0
      Sewer |       0 |     235 | 100.0 |       0 |      37 | 100.0
            +---------+---------+-------+---------+---------+-------
